 Dungeon Crawl Stone Soup version 0.27-a0-1529-g1e82c303ef (webtiles) character file.

Game seed: 13649677805528284692

137 bande the Shield-Bearer (level 5, -6/33 HPs)
             Began as a Gargoyle Fighter on July 12, 2021.
             Splashed by a jelly's acid (7 damage)
             ... on level 4 of the Dungeon.
             The game lasted 00:06:09 (2630 turns).

bande the Shield-Bearer (Gargoyle Fighter)          Turns: 2630, Time: 00:06:11

Health: -6/33      AC: 20    Str: 20    XL:     5   Next: 20%
Magic:  5/5        EV:  4    Int:  8    God:
Gold:   108        SH:  9    Dex: 10    Spells: 4/4 levels left

rFire    . . .     SeeInvis .   a - +0 war axe
rCold    . . .     Faith    +   c - +0 kite shield
rNeg     + . .     Spirit   .   h - +0 plate armour
rPois    ∞         Reflect  .   b - +1 hat
rElec    +         Harm     .   (no cloak)
rCorr    .         Rampage  .   (no gloves)
Will     .....                  (no boots)
Stlth    ..........             g - amulet of faith
HPRegen  0.11/turn              m - +4 ring of protection
MPRegen  0.09/turn              (no ring)

@: no status effects
A: sickness immunity, AC +4, negative energy resistance 1, electricity
resistance, torment resistance 1, petrification resistance
a: no special abilities


You were on level 4 of the Dungeon.
You visited 1 branch of the dungeon, and saw 4 of its levels.

You collected 108 gold pieces.

Inventory:

Hand Weapons
 a - a +0 war axe (weapon)
 l - a +0 war axe
Armour
 b - a +1 hat (worn)
 c - a +0 kite shield (worn)
 h - a +0 plate armour (worn)
Jewellery
 g - an amulet of faith (around neck)
 m - a +4 ring of protection (left hand)
Scrolls
 e - 2 scrolls of identify
Potions
 d - a potion of might
 f - 2 potions of curing
 i - a potion of heal wounds
 j - a potion of resistance
 k - 2 potions of flight


   Skills:
 + Level 3.8 Fighting
 + Level 3.1 Axes
 + Level 3.9 Armour
 + Level 0.2 Dodging
 - Level 0.1 Stealth
 + Level 4.3 Shields


You had 4 spell levels left.
You didn't know any spells.
Your spell library contained the following spells:

 Spells                   Type           Power      Damage    Failure   Level
 Beastly Appendage        Tmut           0%         N/A       100%        1
 Wereblood                Tmut           0%         N/A       100%        2
 Spider Form              Tmut/Pois      0%         N/A       100%        3


Dungeon Overview and Level Annotations

Branches:
Dungeon (4/15)
 Temple: D:4-7

Altars:
Qazlal

Shops:
D:1 [   D:3 (


Innate Abilities, Weirdness & Mutations

You are immune to sickness and miasma.
Your stone body is resilient. (AC +4)
You are immune to poison.
You resist negative energy. (rN+)
You are resistant to electric shocks. (rElec)
You are resistant to unholy torment.
You are immune to petrification.


Message History

The gnoll is severely wounded.
The gnoll hits you but does no damage. You block the gnoll's attack.
The gnoll hits you from afar with a +0 spear.
You block the gnoll's attack.
You barely miss the gnoll.
The gnoll is severely wounded.
The gnoll hits you but does no damage. x2
You slash the gnoll!
You kill the gnoll!
You block the gnoll's attack.
The ball python bites you but does no damage.
The ball python grabs you. The ball python constricts you.
The gnoll hits you but does no damage.
You closely miss the ball python.
The ball python bites you but does no damage.
The ball python constricts you. You block the gnoll's attack.
You block the ball python's attack. The ball python constricts you.
The gnoll hits you but does no damage.
You slash the ball python!
You kill the ball python!
You block the gnoll's attack. You block the quokka's attack.
You hit the quokka but do no damage. You block the gnoll's attack.
The quokka bites you. The gnoll hits you but does no damage.
The quokka bites you.
* * * LOW HITPOINT WARNING * * *
You hit the quokka.
The quokka is lightly wounded.
The quokka barely misses you. You block the gnoll's attack.
You block the quokka's attack.
You slash the quokka!
You kill the quokka!
You block the gnoll's attack. The gnoll hits you but does no damage.
The jelly hits you but does no damage.
You slash the jelly!
Your hands burn!
* * * LOW HITPOINT WARNING * * *
The jelly is heavily wounded.
The gnoll hits you but does no damage. The jelly hits you.
* * * LOW HITPOINT WARNING * * *
You are splashed with acid!
You die... #..... ####.... ....... ..... .... ######## gg#

#.<....# #J#
#......# #@#
#......# #.... #.#
#......# ..#.# #.#
#......# #.#.#
#.#########......#
#.#.#
#.#..............#
#.#.#
#.#.##############
#.#.# #.#.#
#.#.###.#.#
#.......#.#


You could see a jelly, a gnoll and a hobgoblin.

Vanquished Creatures
  A bullfrog (D:4)
  2 gnolls (D:4)
  An adder (D:3)
  A worm (D:2)
  An orc (D:3)
  3 ball pythons
  A bat (D:2)
  4 endoplasms
  A giant cockroach (D:1)
  6 goblins
  A hobgoblin (D:1)
  2 jackals (D:1)
  6 quokkas
  3 frilled lizards
  2 rats
35 creatures vanquished.

Notes
Turn   | Place    | Note
-------+----------+-------------------------------------------
     0 | D:1      | bande the Gargoyle Fighter began the quest for the Orb.
     0 | D:1      | Reached XP level 1. HP: 14/14 MP: 1/1
   367 | D:1      | Reached XP level 2. HP: 19/19 MP: 2/2
   637 | D:1      | Found Genug's Armour Shop.
  1661 | D:2      | Reached XP level 3. HP: 21/24 MP: 3/3
  2119 | D:3      | Found a stormy altar of Qazlal.
  2334 | D:3      | Found Diyddumibo's Weapon Emporium.
  2556 | D:4      | Noticed a bullfrog
  2562 | D:4      | Killed a bullfrog
  2563 | D:4      | Reached skill level 4 in Shields
  2563 | D:4      | Reached XP level 4. HP: 27/29 MP: 4/4
  2616 | D:4      | Reached XP level 5. HP: 18/33 MP: 5/5
  2630 | D:4      | HP: 1/33 [jelly (1)]
  2630 | D:4      | Splashed by a jelly's acid

Illustrated notes

Levels and vault maps discovered:
D:1:      wheals_arrival_shading, layout_basic, serial_shops,
          nicolae_shop_crystal
D:2:      layout_rooms
D:3:      wander_river, layout_loops_ring, nicolae_qazlal_scattered_showers,
          serial_shops, shop, minivault_24
D:4:      layout_basic

Skill      XL: |  1  2  3 |
---------------+----------+-----
Axes           | 2 3 |  3.1
Shields        | 4 |  4.3
Fighting       | |  3.8
Armour         | |  3.9
Dodging        | |  0.2
Stealth        | |  0.1

Action                   |  1- 3 |  4- 6 || total
-------------------------+-------+-------++-------
Melee: War axe           |   123 |    22 ||   145
  Use: Scroll            |     7 |       ||     7
Armor: Scale mail        |    33 |       ||    33
       Plate armour      |    54 |    28 ||    82
Dodge: Dodged            |    38 |     3 ||    41
Block: Kite shield       |    76 |    24 ||   100

Table legend: (Time is in decaauts)
 A = Elapsed time spent in this place.
 B = Non-inter-level travel time spent in this place.
 C = Inter-level travel time spent in this place.
 D = Time resting spent in this place.
 E = Time spent auto-exploring this place.
 F = Levels seen in this place.
 G = Mean time per level.
                   A        B        C        D        E       F      G
               +--------+--------+--------+--------+--------+-----+--------+
         Total |   2740 |   2683 |     57 |    154 |   2057 |   4 |  685.0 |
       Dungeon |   2740 |   2683 |     57 |    154 |   2057 |   4 |  685.0 |
               +--------+--------+--------+--------+--------+-----+--------+

Top non-repeatable levels by time:
     D:1: 1018 daAuts
     D:2: 838 daAuts
     D:3: 779 daAuts
     D:4: 105 daAuts
